Map: Ulrena

Players

Garush - Winner!

  • Race: Zerg Zerg
  • League: Gold

Hanuman

  • Race: Zerg Zerg
  • League: Silver

VOD

Have the link to the VOD?

Description

Time

  • Played on: Feb. 6, 2016, 5:02 a.m.
  • Length: 6:44
Show
View Real Time Build Order
Export as new Build Order

Garush Zerg - Winner!

Build Orders: Pool First, Zergling Baneling 

Get SALT Encoding   

  12  0:02  Drone  
  13  0:12  Drone  
  14  0:33  Spawning Pool  
  13  0:35  Extractor  
  13  0:36  Drone  
  13  0:37  Drone  
  14  0:44  Overlord  
  14  1:04  Drone x2  
  16  1:09  Drone  
  17  1:20  Zergling x2  
  18  1:29  Spine Crawler, Queen  
  19  1:33  Drone  
  20  1:50  Metabolic Boost  
  20  1:52  Drone x2  
  21  2:09  Spine Crawler  
  21  2:10  Zergling x2  
  21  2:11  Spine Crawler  
  20  2:19  Baneling Nest  
  19  2:26  Overlord  
  19  2:31  Overlord  
  19  2:55  Zergling x8  
  23  3:01  Queen  
  23  3:04  Drone  
  26  3:09  Baneling x2  
  26  3:20  Overlord  
  26  3:47  Baneling  
  26  3:48  Baneling x4  
  25  3:51  Zergling x10  
  25  3:52  Zergling x2  
  29  4:26  Hatchery  
  28  4:37  Zergling x8  
  28  4:38  Zergling x2  
  33  4:40  Baneling x3  
  28  5:05  Zergling x4  
  28  5:28  Baneling  
  28  5:29  Baneling x5  
  28  5:36  Zergling x6  
  31  5:45  Hatchery  
  29  5:50  Zergling x10  
  31  6:06  Zergling x4  
  29  6:19  Zergling x2  
  29  6:20  Zergling x8  
Show
View Real Time Build Order
Export as new Build Order

Hanuman Zerg 

Build Orders: Pool First 

Get SALT Encoding   

  12  0:01  Drone  
  13  0:08  Extractor  
  13  0:13  Drone  
  13  0:16  Drone  
  14  0:36  Spawning Pool  
  13  0:43  Drone  
  13  0:44  Extractor  
  13  0:46  Drone  
  15  0:57  Overlord  
  15  1:23  Zergling x4  
  15  1:24  Zergling x2, Queen  
  20  1:49  Zergling x4  
  20  1:52  Metabolic Boost  
  22  2:27  Overlord x2  
  22  2:33  Evolution Chamber  
  22  2:34  Evolution Chamber  
  22  2:36  Drone x2  
  22  2:37  Extractor  
  21  3:02  Zergling x6  
  24  3:15  Hatchery  
  24  3:17  Drone  
  24  3:47  Zergling x2  
  24  3:48  Zergling x4  
  23  3:55  Zerg Missile Weapons Level 1, Roach Warren  
  22  4:10  Drone  
  22  4:11  Drone x2  
  18  4:26  Zergling x8  
  22  4:36  Zergling x2  
  23  4:59  Zergling x8  
  21  5:09  Roach  
  22  5:19  Roach  
  24  5:26  Roach  
  24  5:27  Queen  
  30  5:35  Roach  
  30  5:49  Roach  
  34  6:04  Roach  
  34  6:08  Drone  
  31  6:20  Roach  
Tags
 
Add a new tag
Caveats
  • Supply blocks, unpowered buildings, or Contaminate may cause inaccurate times.
  • Supply counts are checked every 10 seconds.